AoeStats
← fumomuch5515

Black Forest

510139349Analyzed
2v2 RM · 18h ago on Sep 29, 2026· 48m 59s· 4 players
Game mode
Random Map
Map size
Medium (4 player)
Population
200
Speed
Normal
Resources
Standard
Victory
Conquest
Starting age
Dark Age
Ending age
Imperial Age
RankedLock teamsTeams togetherTeam positionsShared explorationLock speedFull tech treeHidden civsTurbo modeCheats
Victory
Defeat
🇪🇸 Sicilians · Spain
721
+10
🇦🇷 Vietnamese · Argentina
718
+10
🇺🇸 Teutons · United States
600
-11
🇹🇷 Gurjaras · Türkiye
547
-9
INTER6636
0:32 Loom
13:08 Feudal Age
22:46 Castle Age
21:08 Double-Bit Axe
23:12 Horse Collar
24:25 Arson
24:41 Squires
24:52 Gambesons
27:04 Heavy Plow
28:49 Gold Mining
28:50 Stone Mining
29:18 Bow Saw
30:32 Wheelbarrow
29:44 Town Watch
34:05 Imperial Age
34:07 Hand Cart
34:15 Forging
34:06 Scale Mail Armor
33:59 Fletching
34:09 Padded Archer Armor
35:24 Crop Rotation
37:01 Ballistics
37:45 Chemistry
36:53 Siphons
38:16 Two-Man Saw
38:17 Heated Shot
42:01 Chain Mail Armor
41:53 Scale Barding Armor
41:44 Bodkin Arrow
42:26 Iron Casting
42:18 Leather Archer Armor
Tyrann03
1:01 Loom
12:51 Feudal Age
14:09 Wheelbarrow
13:21 Town Watch
13:47 Double-Bit Axe
15:18 Town Watch
15:40 Horse Collar
16:33 Gold Mining
22:19 Scale Barding Armor
22:15 Padded Archer Armor
22:05 Fletching
22:25 Forging
22:40 Scale Barding Armor
22:59 Fletching
23:10 Padded Archer Armor
25:56 Castle Age
27:05 Town Patrol
29:02 Bow Saw
29:28 Caravan
31:44 Hand Cart
31:25 Stone Mining
32:12 Gold Shaft Mining
32:05 Fervor
33:51 Stone Shaft Mining
34:02 Sanctity
37:33 Heavy Plow
40:12 Imperial Age
39:44 Thumb Ring
39:55 Bloodlines
39:47 Husbandry
41:52 Siege Elephant
42:02 Elite Shrivamsha Rider
42:05 Heavy Camel Rider
42:20 Elite Elephant Archer
48:40 Chain Barding Armor
48:16 Bodkin Arrow
48:36 Leather Archer Armor
rotrox24
2:24 Loom
11:39 Feudal Age
13:01 Wheelbarrow
12:10 Horse Collar
12:18 Double-Bit Axe
14:23 Gold Mining
16:08 Town Watch
19:14 Stone Mining
21:39 Castle Age
20:59 Fletching
21:11 Padded Archer Armor
22:36 Hand Cart
22:27 Town Patrol
22:42 Bow Saw
22:47 Heavy Plow
24:02 Stone Shaft Mining
24:50 Thumb Ring
25:17 Squires
25:41 Crossbowman
29:41 Bodkin Arrow
30:02 Leather Archer Armor
31:48 Chatras
36:35 Imperial Age
34:23 Husbandry
34:36 Bloodlines
37:17 Bracer
36:41 Elite Rattan Archer
38:35 Two-Man Saw
38:14 Crop Rotation
39:43 Elite Battle Elephant
43:25 Paper Money
43:47 Light Cavalry
45:03 Ring Archer Armor
44:39 Scale Barding Armor
44:41 Arson
fumomuch5515
1:29 Loom
12:29 Feudal Age
14:15 Horse Collar
15:53 Double-Bit Axe
19:01 Castle Age
19:06 Forging
18:57 Scale Mail Armor
20:06 Horse Collar
28:12 Gold Mining
28:49 Fletching
30:28 Wheelbarrow
31:31 Iron Casting
31:37 Bow Saw
31:29 Heavy Plow
31:31 Elite Skirmisher
32:19 Caravan
33:37 Chain Mail Armor
34:57 Bodkin Arrow
35:08 Scale Barding Armor
38:20 Imperial Age
36:10 Hand Cart
38:04 Gold Shaft Mining
36:54 Pikeman
40:22 Blast Furnace
39:39 Stone Mining
39:57 Elite Serjeant
40:46 Squires
40:41 Arson
41:34 Cranequins
43:19 Ballistics
44:00 Chemistry
43:46 Halberdier
Connection lost

Rejoining the realm…

Still unreachable

The connection could not be restored.

Session expired

The server has moved on; the page needs a fresh start.